AoeStats
← de one who is win this play

Nomad

508878069Analyzed
3v3 RM · 8d ago on Sep 24, 2026· 74m 13s· 6 players
Game mode
Random Map
Map size
210×210
Population
200
Speed
Normal
Resources
Standard
Victory
Conquest
Starting age
Dark Age
Ending age
Imperial Age
RankedLock teamsTeams togetherTeam positionsShared explorationLock speedFull tech treeHidden civsTurbo modeCheats
Victory
Defeat
🇦🇷 Varangians · Argentina
1133
+11
1116
+12
🇪🇸 Persians · Spain
1096
+13
🇨🇳 Khitans · China
1054
-13
🇹🇼 Britons · Taiwan
1048
-13
🇹🇼 Varangians · Taiwan
985
-10
Onlyfarms
7:07 Loom
15:18 Feudal Age
15:50 Horse Collar
15:55 Double-Bit Axe
19:43 Castle Age
20:35 Husbandry
20:45 Bloodlines
20:39 Light Cavalry
22:55 Fishing Lines
25:14 Wheelbarrow
24:25 Town Watch
25:36 Scale Barding Armor
32:32 Imperial Age
32:47 Hussar
33:48 Chain Barding Armor
33:19 Fletching
33:40 Forging
34:26 Town Watch
34:56 Hand Cart
34:52 Gillnets
35:06 Heavy Plow
35:17 Bow Saw
35:27 Heavy Scorpion
38:57 Ballistics
38:48 Masonry
38:33 Murder Holes
38:35 Bodkin Arrow
40:50 Town Patrol
41:27 Iron Casting
41:28 Plate Barding Armor
41:42 Conscription
42:27 Architecture
43:36 Coinage
45:23 Chemistry
45:25 Blast Furnace
44:45 Cavalier
47:20 Gold Mining
47:21 Stone Mining
49:15 Gold Shaft Mining
49:15 Stone Shaft Mining
48:42 Savar
53:34 Two-Man Saw
53:05 Crop Rotation
58:41 Thumb Ring
58:38 Padded Archer Armor
59:45 Elite War Elephant
61:03 Citadels
60:54 Kamandaran
61:29 Hoardings
de one who is win this play
5:00 Loom
14:17 Feudal Age
17:06 Wheelbarrow
17:32 Double-Bit Axe
18:53 Horse Collar
22:00 Castle Age
21:55 Scale Barding Armor
22:01 Forging
23:51 Medium Warships
24:09 Town Watch
28:17 Bloodlines
28:40 Chain Barding Armor
32:13 Iron Casting
32:19 Bow Saw
33:15 Husbandry
33:44 Heavy Plow
36:07 Stone Mining
36:07 Gold Mining
39:28 Imperial Age
37:59 Kasbah
40:52 Gold Shaft Mining
40:52 Stone Shaft Mining
40:52 Gold Shaft Mining
40:03 Cavalier
43:38 Plate Barding Armor
43:47 Hand Cart
44:40 Blast Furnace
45:39 Conscription
45:22 Light Cavalry
48:11 Fletching
48:21 Padded Archer Armor
48:22 Scale Mail Armor
49:29 Town Patrol
52:03 Bodkin Arrow
56:51 Hussar
63:20 Chemistry
62:14 Elite Camel Archer
64:24 Leather Archer Armor
71:27 Crop Rotation
SOG.Vexon
5:41 Loom
15:13 Feudal Age
15:38 Fishing Lines
15:47 Double-Bit Axe
20:44 Castle Age
19:18 Bloodlines
20:09 Scale Barding Armor
21:35 Bow Saw
23:02 Wheelbarrow
24:19 Gillnets
24:58 Stone Mining
26:20 Husbandry
26:36 Horse Collar
27:34 Fletching
28:46 Hand Cart
31:26 Bodkin Arrow
31:42 Treadmill Crane
34:02 Ballistics
34:10 Forging
35:35 Gold Mining
37:42 Chain Barding Armor
40:36 Imperial Age
38:25 Town Watch
40:26 Iron Casting
41:48 Heavy Plow
42:14 Conscription
42:47 Elite Jarl
43:38 Elite Longship
44:53 Bracer
45:16 Medium Warships
46:11 Chemistry
46:29 Plate Barding Armor
46:16 Clinker Construction
46:35 Heavy Warships
49:04 Blast Furnace
49:49 Two-Man Saw
49:48 Carvel Hull
51:58 Careening
54:14 Dry Dock
56:28 Siege Engineers
58:39 Light Cavalry
60:21 Stone Shaft Mining
59:52 Vendel Legacy
60:03 Gothikon
61:26 Masonry
62:18 Caravan
63:19 Hussar
64:46 Squires
64:32 Arson
64:57 Scale Mail Armor
67:34 Gambesons
68:57 Elite Varangian Guard
70:44 Chain Mail Armor
74:58 Plate Mail Armor
lin87069
4:06 Loom
13:56 Feudal Age
20:03 Castle Age
17:53 Fishing Lines
18:04 Double-Bit Axe
18:01 Horse Collar
18:52 Stone Mining
20:16 Gold Mining
21:31 Medium Warships
23:12 Bow Saw
24:53 Siphons
25:50 Clinker Construction
27:12 Treadmill Crane
28:53 Careening
30:53 Heavy Plow
32:02 Ballistics
31:53 Fortified Wall
33:10 Gillnets
34:13 Yeomen
37:08 Imperial Age
35:15 Wheelbarrow
34:25 Town Watch
35:11 Murder Holes
35:08 Fletching
36:05 Gold Shaft Mining
36:05 Bodkin Arrow
36:25 Gillnets
36:56 Padded Archer Armor
37:06 Forging
36:58 Scale Mail Armor
36:27 Pikeman
39:09 Two-Man Saw
39:49 Chemistry
39:12 Conscription
39:26 Heavy Warships
38:26 Crossbowman
39:41 Bracer
40:56 Hand Cart
40:17 Arbalester
41:22 Warwolf
41:25 Town Patrol
42:50 Siege Engineers
42:35 Halberdier
43:15 Squires
43:02 Arson
43:53 Carvel Hull
44:11 Caravan
45:34 Shipwright
45:45 Leather Archer Armor
46:06 Iron Casting
45:46 Chain Mail Armor
46:39 Hoardings
49:37 Iron Casting
49:17 Chain Mail Armor
50:20 Ring Archer Armor
51:59 Blast Furnace
53:00 Dry Dock
56:53 Plate Mail Armor
66:07 Masonry
67:10 Onager
Hank
3:23 Loom
13:13 Feudal Age
19:57 Castle Age
18:24 Double-Bit Axe
18:38 Horse Collar
24:14 Bow Saw
27:17 Pikeman
27:59 Squires
28:10 Scale Mail Armor
28:51 Wheelbarrow
28:03 Town Watch
29:12 Heavy Plow
30:53 Gold Mining
31:35 Stone Mining
36:51 Imperial Age
34:49 Chain Mail Armor
34:51 Forging
35:17 Arson
35:22 Gambesons
37:04 Stone Shaft Mining
37:24 Iron Casting
37:01 Elite Varangian Guard
38:28 Conscription
37:43 Gothikon
41:41 Crop Rotation
42:09 Plate Mail Armor
42:40 Blast Furnace
43:01 Ballistics
44:19 Siege Engineers
45:16 Chemistry
46:06 Two-Man Saw
47:23 Murder Holes
47:46 Halberdier
71:01 Capped Ram
72:25 Siege Ram
LCH
3:32 Loom
15:30 Feudal Age
16:01 Double-Bit Axe
17:52 Domestication
20:37 Fishing Lines
21:49 Gold Mining
26:14 Castle Age
25:09 Forging
26:09 Scale Mail Armor
27:12 Husbandry
27:19 Scale Barding Armor
29:42 Gillnets
31:02 Bow Saw
34:21 Iron Casting
34:15 Chain Barding Armor
34:35 Pastoralism
36:11 Wheelbarrow
37:04 Wheelbarrow
36:15 Town Watch
36:39 Stone Mining
40:51 Stone Shaft Mining
40:47 Hand Cart
45:36 Imperial Age
45:55 Heavy Camel Rider
47:16 Plate Barding Armor
59:26 Light Cavalry
64:59 Conscription
69:09 Hussar
Connection lost

Rejoining the realm…

Still unreachable

The connection could not be restored.

Session expired

The server has moved on; the page needs a fresh start.